 Dungeon Crawl Stone Soup version 0.32-a0-12-g7fc57aa741 (webtiles) character file.

Game seed: 10678674520944506299

5 Wrenth the Trooper (level 1, 0/24 HPs)
             Began as an Oni Cinder Acolyte on Jan 14, 2024.
             Was a High Priest of Ignis.
             Succumbed to a goblin's poison
             ... on level 1 of the Dungeon.
             The game lasted 00:02:37 (43 turns).

Wrenth the Trooper (Oni Cinder Acolyte)               Turns: 43, Time: 00:02:38

Health: 0/24       AC:  3    Str: 17    XL:     1   Next: 80%
Magic:  2/2        EV:  9    Int: 15    God:    Ignis [*****.]
Gold:   0          SH:  0    Dex:  4    Spells: 2/2 levels left

rFire   + . .        a - -1 mace (flame)
rCold   . . .        (no shield)
rNeg    . . .        b - +0 robe
rPois   .            (helmet restricted)
rElec   .            (no cloak)
rCorr   .            (gloves unavailable)
SInv    .            (boots unavailable)
Will    .....        (no amulet)
Stlth   +            (no ring)
HPRegen 0.24/turn    (no ring)
MPRegen 0.08/turn

%: no passive effects
@: lethally poisoned (0 -> -21)
A: large, unfitting armour, horns 1, tough skin 1, double potion healing,
drunken brawling
a: Renounce Religion, Fiery Armour, Foxfire Swarm, Rising Flame


You were on level 1 of the Dungeon.
You worshipped Ignis.
Ignis was extremely pleased with you.
You visited 1 branch of the dungeon, and saw 1 of its levels.

Inventory:

Hand Weapons
 a - a -1 mace of flaming (weapon)
Armour
 b - a +0 robe (worn)
Scrolls
 c - a scroll of blinking {unknown}


   Skills:
 + Level 4.2 Fighting
 + Level 3.1 Maces & Flails
 + Level 1.2 Spellcasting
 + Level 2.8 Fire Magic


You had 2 spell levels left.
You didn't know any spells.
Your spell library contained the following spells:

 Spells                   Type           Power      Damage    Failure   Level
 Scorch                   Fire           18%        2d5       12%         2


Dungeon Overview and Level Annotations

Branches:
Dungeon (1/15)

Altars:

Shops:
D:1 ?


Innate Abilities, Weirdness & Mutations

You are too large for most types of armour.
You have a pair of small horns on your head.
You have tough skin. (AC +1)
You gain doubled healing and magic from potions.
Whenever you drink a healing potion, you attack all around you.


Message History

c - a scroll labelled FESUNO JUNY
There are no items here.
A hobgoblin comes into view.
The hobgoblin shouts!
You hear a shout!
A hobgoblin comes into view.
A giant cockroach comes into view.
A goblin comes into view. It is wielding a +2 dagger of venom.
The goblin shouts!
The hobgoblin hits you but does no damage.
You sock the hobgoblin! You burn the hobgoblin.
You kill the hobgoblin!
You hit the hobgoblin. You burn the hobgoblin.
You kill the hobgoblin!
You see here a hobgoblin corpse.
The giant cockroach barely misses you.
The giant cockroach bites you but does no damage.
You closely miss the giant cockroach. The giant cockroach closely misses you.
You hit the giant cockroach but do no damage.
You punch the giant cockroach.
The giant cockroach is moderately wounded.
The goblin hits you with a +2 dagger of venom.
You are poisoned.
The giant cockroach barely misses you. The goblin barely misses you.
The giant cockroach bites you but does no damage.
You barely miss the giant cockroach.
You headbutt the giant cockroach, but do no damage.
The giant cockroach is moderately wounded.
You feel very sick. The giant cockroach barely misses you.
The goblin hits you with a +2 dagger of venom.
You are lethally poisoned!
You barely miss the goblin.
You feel very sick. The giant cockroach closely misses you.
The goblin hits you but does no damage.
You are more poisoned.
The giant cockroach bites you.
* * * LOW HITPOINT WARNING * * *
You feel very sick.
You see here a hobgoblin corpse.
You die...

.............##....
...................
.......).....##...#
#####...###### ##
#...# #...# #.(.#
########...#
........@.##
....##.†.# .. #Bg†#
#............#
#...............
.........###.###
...∩...... .#
...###..#.# # #..
......


You could see a giant cockroach and a goblin.

Vanquished Creatures
  A ball python (D:1)
  An endoplasm (D:1)
  2 hobgoblins (D:1)
4 creatures vanquished.

Notes
Turn   | Place    | Note
-------+----------+-------------------------------------------
     0 | D:1      | Wrenth the Oni Cinder Acolyte began the quest for the Orb.
     0 | D:1      | Reached XP level 1. HP: 24/24 MP: 2/2
    22 | D:1      | Found Witehek's Magic Scroll Emporium.
    43 | D:1      | Succumbed to a goblin's poison

Illustrated notes

Levels and vault maps discovered:
D:1:      minmay_arrival_plants_in_alcoves, layout_loops_cross, serial_shops,
          shop, nicolae_shop_mannequins

Action                     || total
---------------------------++-------
  Melee: Mace              ||    10
         Headbutt          ||     1
         Punch             ||     1
 Armour: Robe              ||     8
  Dodge: Dodged            ||     6

Table legend: (Time is in decaauts)
 A = Elapsed time spent in this place.
 B = Non-inter-level travel time spent in this place.
 C = Inter-level travel time spent in this place.
 D = Time resting spent in this place.
 E = Time spent auto-exploring this place.
 F = Levels seen in this place.
 G = Mean time per level.
                   A        B        C        D        E       F      G
               +--------+--------+--------+--------+--------+-----+--------+
         Total |     45 |     45 |      0 |      0 |      7 |   1 |   45.0 |
       Dungeon |     45 |     45 |      0 |      0 |      7 |   1 |   45.0 |
               +--------+--------+--------+--------+--------+-----+--------+

Top non-repeatable levels by time:
     D:1: 45 daAuts
